 Dungeon Crawl Stone Soup version 0.30-a0-743-gbfdf073 (webtiles) character file.

Game seed: 7227955545115091256

2700 Sometrashplayer the Geomancer (level 9, 0/62 HPs)
             Began as an Octopode Earth Elementalist on Feb 5, 2023.
             Was a Follower of Vehumet.
             Slain by a sky beast (6 damage)
             ... on level 7 of the Dungeon.
             The game lasted 00:14:05 (6803 turns).

Sometrashplayer the Geomancer (OpEE)                Turns: 6803, Time: 00:14:06

Health: 0/62       AC:  1    Str:  8    XL:     9   Next: 65%
Magic:  9/18       EV: 13    Int: 27    God:    Vehumet [*.....]
Gold:   489        SH:  0    Dex: 12    Spells: 6/20 levels left

rFire   . . .      SeeInvis .    u - staff of earth
rCold   . . .      Faith    .    (no shield)
rNeg    . . .      Spirit   .    (helmet restricted)
rPois   .          Reflect  .    (no amulet)
rElec   .          Harm     .    k - ring of wizardry
rCorr   .          Rampage  .    m - ring of flight
Will    .....                    b - ring "Veecutor" {Int+6 Slay+2}
Stlth   +++                      B - ring of wizardry
HPRegen 0.30/turn                (no ring)
MPRegen 0.16/turn                (no ring)
                                 (no ring)
                                 (no ring)

@: flying
A: almost no armour, amphibious, 8 rings, camouflage 1, gelatinous body 1,
(nimble swimmer 1), tentacles
a: Renounce Religion


You were on level 7 of the Dungeon.
You worshipped Vehumet.
Vehumet was aware of your devotion.
You visited 2 branches of the dungeon, and saw 8 of its levels.
You also visited: Sewer.

You collected 489 gold pieces.

Inventory:

Magical Staves
 u - a staff of earth (weapon)
Jewellery
 b - the ring "Veecutor" (on tentacle) {Int+6 Slay+2}
   (You acquired it on level 4 of the Dungeon)

   [ring of intelligence]

   Int:       It affects your intelligence (+6).
   Slay:      It affects your accuracy & damage with ranged weapons and melee
   (+2).
 k - a ring of wizardry (left tentacle)
 m - a ring of flight (right tentacle)
 B - a ring of wizardry (on tentacle)
Scrolls
 e - 3 scrolls of vulnerability
 i - 3 scrolls of enchant weapon
 l - 2 scrolls of enchant armour
 n - 4 scrolls of magic mapping
 r - 2 scrolls of poison
 v - a scroll of teleportation
 w - 2 scrolls of identify
 x - a scroll of amnesia
 y - a scroll of torment
 A - a scroll of fog
Potions
 a - a potion of magic
 c - a potion of attraction
 d - 2 potions of flight
 g - 2 potions of haste
 h - a potion of berserk rage
 j - a potion of might {unknown}
 o - 2 potions of brilliance {unknown}
 p - a potion of heal wounds {unknown}
 q - 4 potions of mutation
 s - a potion of lignification {unknown}
 t - 3 potions of curing {unknown}
 z - a potion of invisibility {unknown}


   Skills:
 + Level 6.0 Fighting
 - Level 2.0 Dodging
 - Level 2.6 Stealth
 + Level 6.0 Spellcasting
 + Level 2.6 Conjurations
 - Level 2.0 Transmutations
 * Level 9.4 Earth Magic


You had 6 spell levels left.
You knew the following spells:

 Your Spells              Type           Power      Damage    Failure   Level
a - Sandblast             Erth           100%       2d20      1%          1
b - Stone Arrow           Conj/Erth      100%       3d13      1%          3
c - Passwall              Tmut/Erth      45%        N/A       1%          2
d - Petrify               Tmut/Erth      55%        N/A       1%          4
e - Leda's Liquefaction   Hex/Erth       25%        N/A       2%          4

Your spell library contained the following spells:

 Spells                   Type           Power      Damage    Failure   Level
 Kiss of Death            Conj/Necr      60%        2d10      1%          1
 Shock                    Conj/Air       60%        1d6       1%          1
 Momentum Strike          Conj/Tloc      30%        3d8       1%          2
 Blink                    Tloc           16%        N/A       2%          2
 Lesser Beckoning         Tloc           16%        N/A       2%          2
 Ignite Poison            Fire/Tmut/Pois 11%        N/A       4%          3
 Call Canine Familiar     Summ           8%         N/A       5%          3
 Kindle Blastsparks       Fire/Tloc/Air  16%        2d11      5%          3
 Portal Projectile        Hex/Tloc       16%        N/A       5%          3
 Swiftness                Air            8%         N/A       5%          3
 Airstrike                Air            4%         2d(1-17)  17%         4
 Anguish                  Hex/Necr       4%         N/A       17%         4
 Freezing Cloud           Conj/Ice/Air   6%         6-21      30%         5
 Enfeeble                 Hex            4%         N/A       100%        7


Dungeon Overview and Level Annotations

Branches:
Dungeon (7/15)             Temple (1/1) D:5           Sewer (visited)

Altars:
Ashenzari
Cheibriados
Dithmenos
Fedhas
Gozag
Kikubaaqudgha
Makhleb
Nemelex Xobeh
Okawaru
Qazlal
Ru
Sif Muna
Trog
Uskayaw
Vehumet
Wu Jian
Xom
Zin

Annotations:
D:5 2 transporters, Dega's ghost, novice SpHu
D:6 2 transporters, Radamante's ghost, novice TrFi


Innate Abilities, Weirdness & Mutations

You cannot wear most types of armour.
You are amphibious.
You can wear up to eight rings at the same time.
Your skin changes colour to match your surroundings (Stealth+).
Your rubbery body absorbs attacks. (AC +1, EV +1)
((You are camouflaged when in or above water. (Stealth+)))
You have tentacles for arms and can constrict up to eight enemies at once.


Message History

You now have 489 gold pieces (gained 9).
A sky beast comes into view.
The sky beast flickers out of sight!
Deactivating autopickup; reactivate with Ctrl-A.
You can't see any susceptible monsters within range! (Use Z to cast anyway.)
You can't see any susceptible monsters within range! (Use Z to cast anyway.)
You can't see any susceptible monsters within range! (Use Z to cast anyway.)
Something hits you. Something shocks you.
You closely miss something. Something barely misses you.
You closely miss something. Something hits you. Something shocks you.
You miss something. Your squeeze misses something. Something hits you.
Something shocks you.
You barely miss something. Your squeeze misses something. Something hits you.
Something shocks you.
You hit something.
You shatter something.
Something hits you. Something shocks you. Something hits you.
* * * LOW HITPOINT WARNING * * *
Something shocks you.
* * * LOW HITPOINT WARNING * * *
Casting: Stone Arrow (safe; 1% risk of failure)
Confirm with . or Enter, or press ? or * to list all spells.
Aiming: Stone Arrow (safe; 1% risk of failure)
Press: ? - help, Shift-Dir - straight line You feel a surge of power!
Something hits you but does no damage.
Casting: Stone Arrow (safe; 1% risk of failure)
Confirm with . or Enter, or press ? or * to list all spells.
Aiming: Stone Arrow (safe; 1% risk of failure)
Press: ? - help, Shift-Dir - straight line You feel a surge of power!
Something hits you.
* * * LOW HITPOINT WARNING * * *
Something shocks you.
* * * LOW HITPOINT WARNING * * *
Casting: Stone Arrow (safe; 1% risk of failure)
Confirm with . or Enter, or press ? or * to list all spells.
Aiming: Stone Arrow (safe; 1% risk of failure)
Press: ? - help, Shift-Dir - straight line You feel a surge of power!
Something hits you.
* * * LOW HITPOINT WARNING * * *
Something shocks you.
You die...

#.# ######.# #.#
#....?. #.# #......
#.# #...... #.#
#.....# #.#
.....########## #.#
#.#..........# #.#
#..@.......#.# #.#
###{######.#.# #.#
#.# #.#.# #.# ...
#.#.# #.# .....##
#.#.###.#
........##.#.#...#
#.
##.....#.#..#.#.###
...
#.....#.#.##.#.# .#
###.###.#.##.#.#


There were no monsters in sight!

Vanquished Creatures
  A steam dragon (D:6)
  2 water moccasins
  3 ice beasts
  2 orc warriors (D:6)
  A sky beast (D:5)
  A black bear (D:6)
  2 ogres
  3 phantoms
  A necrophage (D:4)
  A gnoll sergeant (D:6)
  3 bullfrogs (D:6)
  3 scorpions (D:6)
  3 killer bees (D:7)
  A jelly (D:6)
  A hound (D:4)
  5 orc priests
  8 iguanas
  5 orc wizards
  3 adders
  3 gnolls (D:4)
  A white imp (D:6)
  2 worms
  6 dart slugs
  14 orcs
  4 endoplasms
  5 giant cockroaches
  3 goblins
  6 hobgoblins
  2 jackals (D:1)
  5 quokkas
  5 ball pythons
  9 bats
  5 frilled lizards
  6 kobolds
  8 rats
133 creatures vanquished.

Notes
Turn   | Place    | Note
-------+----------+-------------------------------------------
     0 | D:1      | Sometrashplayer the Octopode Earth Elementalist began the
                  | quest for the Orb.
     0 | D:1      | Reached XP level 1. HP: 11/11 MP: 3/3
   223 | D:1      | Reached XP level 2. HP: 18/18 MP: 3/5
   902 | D:1      | Reached XP level 3. HP: 22/22 MP: 4/6
   958 | D:1      | Reached skill level 1 in Fighting
  1145 | D:2      | Found a broken altar of Ashenzari.
  1356 | D:2      | Reached XP level 4. HP: 28/28 MP: 0/7
  1849 | D:2      | Learned a level 3 spell: Stone Arrow
  1869 | D:3      | Reached skill level 4 in Earth Magic
  2405 | D:3      | Noticed an ice beast
  2408 | D:3      | Found an ancient bone altar of Kikubaaqudgha.
  2413 | D:3      | Killed an ice beast
  2414 | D:3      | Reached XP level 5. HP: 17/34 MP: 3/9
  2997 | D:4      | Identified a scroll of acquirement
  2997 | D:4      | Acquired the ring "Veecutor" {Int+6 Slay+2}
  3015 | D:4      | Noticed an ogre
  3018 | D:4      | Killed an ogre
  3019 | D:4      | Reached skill level 5 in Earth Magic
  3019 | D:4      | Reached XP level 6. HP: 41/41 MP: 7/10
  3079 | D:4      | Found a glowing drain.
  3109 | Sewer    | Entered a sewer
  3216 | Sewer    | Noticed a water moccasin
  3220 | Sewer    | Killed a water moccasin
  3221 | Sewer    | Reached XP level 7. HP: 46/46 MP: 9/12
  3382 | D:4      | Reached skill level 6 in Earth Magic
  3798 | D:4      | Found a burning altar of Makhleb.
  3893 | D:4      | Learned a level 2 spell: Passwall
  3898 | D:4      | Learned a level 4 spell: Petrify
  3904 | D:5      | Entered Level 5 of the Dungeon
  3904 | D:5      | Found a staircase to the Ecumenical Temple.
  3917 | Temple   | Entered the Ecumenical Temple
  3961 | Temple   | Became a worshipper of Vehumet
  4326 | D:5      | Reached XP level 8. HP: 54/54 MP: 11/14
  4361 | D:5      | Found a sparkling altar of Nemelex Xobeh.
  4570 | D:5      | Reached skill level 7 in Earth Magic
  4805 | D:5      | Found a transporter.
  4808 | D:5      | Noticed Dega's ghost (novice SpHu)
  4809 | D:5      | Found a transporter.
  4960 | D:6      | Found a blossoming altar of Fedhas.
  5098 | D:6      | Found a shadowy altar of Dithmenos.
  5179 | D:6      | Reached skill level 5 in Spellcasting
  5181 | D:6      | Reached skill level 5 in Fighting
  5181 | D:6      | Reached skill level 8 in Earth Magic
  5336 | D:6      | Reached XP level 9. HP: 61/61 MP: 14/17
  5341 | D:6      | Learned a level 4 spell: Leda's Liquefaction
  5395 | D:6      | Reached * piety under Vehumet
  5395 | D:6      | Offered knowledge of Kiss of Death by Vehumet.
  5561 | D:6      | Reached skill level 1 in Conjurations
  5668 | D:6      | Found a transporter.
  5669 | D:6      | Noticed Radamante's ghost (novice TrFi)
  5669 | D:6      | Identified the +6 dire flail of the Spinneret {antimagic,
                  | Fly}
  5669 | D:6      | Noticed a two-headed ogre
  5766 | D:6      | Found a transporter.
  5817 | D:6      | Reached skill level 9 in Earth Magic
  5881 | D:6      | HP: 3/62 [orc warrior/+0 short sword (11)]
  6803 | D:7      | Slain by a sky beast

Illustrated notes

Levels and vault maps discovered:
D:1:      psy_arrival_radial01, layout_loops_cross, minmay_misc_feat_doors
D:2:      layout_loops_ring, basic_altar, st_stairs_8
D:3:      layout_basic, mainiacjoe_overflow_six_doors_small
D:4:      layout_rooms, mainiacjoe_overflow_cross_hatched,
          gup_sewer_entry_glass, minmay_unequal
D:5:      layout_gridville, nemelex_spade_bored_becter,
          minmay_temple_entry_drinking_statues, gammafunk_ghost_mausoleum
D:6:      layout_gridville, lemuel_crystal_altar, grunt_dithmenos_shadows,
          gammafunk_ghost_smash, minmay_fractal_squares_diagonal_5
D:7:      layout_loops_ring
Temple:   nicolae_temple_ecumenical_triangle

Skill      XL: |  1  2  3  4  5  6  7  8  9 |
---------------+----------------------------+-----
Fighting       | 1 2 3 4 5 6 |  6.0
Earth Magic    | 4 5 6 8 9 |  9.4
Transmutations | 2 |  2.0
Spellcasting   | 3 4 5 6 |  6.0
Conjurations   | 2 |  2.6
Dodging        | |  2.0
Stealth        | |  2.6

Action                     |  1- 3 |  4- 6 |  7- 9 || total
---------------------------+-------+-------+-------++-------
  Melee: Staff             |       |       |    14 ||    14
         Tentacles         |       |       |     4 ||     4
         Constrict         |       |       |     1 ||     1
   Cast: Sandblast         |    44 |    50 |    62 ||   156
         Stone Arrow       |       |       |    38 ||    38
    Use: Scroll            |       |    12 |     5 ||    17
 Armour: Skin              |       |     4 |     1 ||     5
  Dodge: Dodged            |     2 |    12 |    17 ||    31

Table legend: (Time is in decaauts)
 A = Elapsed time spent in this place.
 B = Non-inter-level travel time spent in this place.
 C = Inter-level travel time spent in this place.
 D = Time resting spent in this place.
 E = Time spent auto-exploring this place.
 F = Levels seen in this place.
 G = Mean time per level.
                   A        B        C        D        E       F      G
               +--------+--------+--------+--------+--------+-----+--------+
         Total |   6879 |   6600 |    279 |     93 |   5601 |   9 |  764.3 |
       Dungeon |   6631 |   6352 |    279 |     93 |   5424 |   7 |  947.3 |
        Temple |     67 |     67 |      0 |      0 |     30 |   1 |   67.0 |
         Sewer |    180 |    180 |      0 |      0 |    147 |   1 |  180.0 |
               +--------+--------+--------+--------+--------+-----+--------+

Top non-repeatable levels by time:
     D:6: 1395 daAuts
     D:3: 1144 daAuts
     D:1: 1008 daAuts
     D:5: 967 daAuts
     D:2: 866 daAuts
     D:4: 759 daAuts
     D:7: 489 daAuts
   Sewer: 180 daAuts
  Temple: 67 daAuts
